 Dungeon Sprint DCSS version 0.24-a0-244-ga6a6ab7 (webtiles) character file.

Game seed: 12426695699530651752

3854 MikeHunt the Grappler (level 9, -4/100 HPs)
             Began as a Troll Fighter on Apr 10, 2019.
             Was an Elder of Okawaru.
             Slain by a demonic crawler (12 damage)
             ... in the Dungeon (Sprint I: "Red Sonja").
             The game lasted 00:03:57 (567 turns).

MikeHunt the Grappler (Troll Fighter)                Turns: 567, Time: 00:03:58

Health: -4/100     AC:  8    Str: 26    XL:     9   Next: 99%
Magic:  12/12      EV: 17    Int:  4    God:    Okawaru [****..]
Gold:   229        SH: 13    Dex: 12    Spells: 8/8 levels left

rFire    . . .     SeeInvis .     - Unarmed
rCold    . . .     Gourm    +   b - +0 shield
rNeg     . . .     Faith    .   a - +0 robe
rPois    .         Spirit   .   (helmet restricted)
rElec    .         Reflect  .   o - +1 cloak
rCorr    .         Harm     .   (gloves unavailable)
MR       .....     NoTele   +   (boots unavailable)
Stlth    +++.......             (no amulet)
HPRegen  0.66/turn              k - +2 ring of slaying
MPRegen  0.13/turn              (no ring)

@: heroism
A: large, unfitting armour, claws 3, fast metabolism 3, gourmand, regeneration
1, shaggy fur 1, tough skin 3
a: Heroism, Renounce Religion


You were in the Dungeon.
You worshipped Okawaru.
Okawaru was greatly pleased with you.
You were very full.

You visited 1 branch You collected 642 gold pieces.
You spent 413 gold pieces at shops.

Inventory:

Armour
 a - a +0 robe (worn)
 b - a +0 shield (worn)
 o - a +1 cloak (worn)
Jewellery
 k - a +2 ring of slaying (left claw)
Wands
 i - a wand of flame (4)
Scrolls
 j - a scroll of blinking
 l - 2 scrolls of amnesia {unknown}
 m - a scroll of fear {unknown}
 n - a scroll of identify {unknown}
Potions
 c - a potion of might
 g - a potion of haste
 h - 2 potions of magic
Comestibles
 d - 4 rations


   Skills:
 + Level 9.5(14.5) Fighting
 + Level 4.7(9.7) Throwing
 + Level 9.4(14.4) Dodging
 - Level 9.6(14.6) Shields
 - Level 11.1(16.1) Unarmed Combat
 - Level 6.6 Invocations


You had 8 spell levels left.
You didn't know any spells.
Your spell library contained the following spells:

 Spells                   Type           Power        Failure   Level  Hunger
 Animate Skeleton         Necr           N/A          50%         1    ##.....
 Pain                     Necr           #...         50%         1    ##.....
 Regeneration             Chrm/Necr      #.........   86%         3    ####...
 Vampiric Draining        Necr           #.........   86%         3    ####...
 Animate Dead             Necr           N/A          99%         4    #####..


Dungeon Overview and Level Annotations

Branches:
Dungeon (1/1)

Altars:
Cheibriados
Dithmenos
Elyvilon
Fedhas
Gozag
Hepliaklqana
Kikubaaqudgha
Makhleb
Nemelex Xobeh
Okawaru
Qazlal
Ru
Sif Muna
Trog
Uskayaw
Vehumet
Wu Jian
Xom
Yredelemnul
Zin
The Shining One
Jiyva
Lugonu

Shops:
D =[

Annotations:
D exclusion: oklob plant


Innate Abilities, Weirdness & Mutations

You are too large for most types of armour.
You have claws for hands.
Your metabolism is lightning-fast.
You like to eat raw meat.
Your natural rate of healing is unusually fast.
You are covered in fur. (AC +1)
You have extremely tough skin. (AC +3)


Message History

The demonic crawler is almost dead.
The demonic crawler misses you.
The demonic crawler hits you but does no damage.
The demonic crawler hits you.
* * * LOW HITPOINT WARNING * * *
You feel better. The demonic crawler hits you.
* * * LOW HITPOINT WARNING * * *
You block the demonic crawler's attack. x2
The demonic crawler barely misses you. The demonic crawler hits you.
* * * LOW HITPOINT WARNING * * *
The demonic crawler hits you.
* * * LOW HITPOINT WARNING * * *
The demonic crawler misses you. The demonic crawler barely misses you.
The demonic crawler hits you.
* * * LOW HITPOINT WARNING * * *
You mangle the demonic crawler!!
You kill the demonic crawler!
Okawaru accepts your kill. You block the demonic crawler's attack.
The demonic crawler hits you!
You die...

##################
.#..'..#__#..)...#
.').#..'..'..#.)†##+#
'#####'#__####..@s..#
.#...#.####..#####..+
##..##§#≈≈≈..#..# +##
_##'#_.)§§≈§§'..#
..'..._#§§≈§.#..#
_##_.#'##§#####+#
_###+#.#[..)###P+ ##
####÷###.###
+.....'.∩#


You could see a demonic crawler.

Vanquished Creatures
  2 centaur warriors (D)
  A deep troll (D)
  3 demonic crawlers (D)
  2 kobold demonologists (D)
  A hornet (D)
  A slime creature (D)
  Sigmund (D)
  A yak (D)
  A floating eye (D)
  An ogre (D)
  A jelly (D)
  Ijyb (D)
16 creatures vanquished.

Notes
Turn   | Place    | Note
-------+----------+-------------------------------------------
     0 | D        | MikeHunt the Troll Fighter began the quest for the Orb.
     0 | D        | Reached XP level 1. HP: 22/22 MP: 0/0
     1 | D        | Noticed Ijyb
    11 | D        | Killed Ijyb
    11 | D        | Reached skill level 4 in Unarmed Combat
    11 | D        | Reached XP level 2. HP: 12/29 MP: 1/1
    13 | D        | Noticed an ogre
    17 | D        | Killed an ogre
    17 | D        | Reached skill level 5 in Shields
    17 | D        | Reached skill level 6 in Unarmed Combat
    17 | D        | Reached XP level 3. HP: 9/36 MP: 2/2
    17 | D        | Reached XP level 4. HP: 12/44 MP: 3/3
    74 | D        | Noticed Sigmund
    81 | D        | Killed Sigmund
    81 | D        | Reached skill level 9 in Unarmed Combat
    81 | D        | Reached XP level 5. HP: 44/50 MP: 4/4
    94 | D        | Found a deep blue altar of Sif Muna.
    95 | D        | Found an ornate altar of the Wu Jian Council.
    96 | D        | Found a radiant altar of Vehumet.
    99 | D        | Reached XP level 6. HP: 59/59 MP: 5/5
   123 | D        | Found Anecedas's Jewellery Emporium.
   123 | D        | Found an ancient bone altar of Kikubaaqudgha.
   123 | D        | Found a hazy altar of Hepliaklqana.
   123 | D        | Found a hide-covered altar of Uskayaw.
   123 | D        | Found a basalt altar of Yredelemnul.
   123 | D        | Found an opulent altar of Gozag.
   123 | D        | Found a snail-covered altar of Cheibriados.
   123 | D        | Found a sacrificial altar of Ru.
   123 | D        | Found a shadowy altar of Dithmenos.
   123 | D        | Noticed a yak
   130 | D        | Killed a yak
   130 | D        | Reached skill level 10 in Unarmed Combat
   131 | D        | Found a stormy altar of Qazlal.
   131 | D        | Found a blossoming altar of Fedhas.
   131 | D        | Found a bloodstained altar of Trog.
   131 | D        | Found an iron altar of Okawaru.
   131 | D        | Found a glowing golden altar of the Shining One.
   131 | D        | Found a glowing silver altar of Zin.
   131 | D        | Found a white marble altar of Elyvilon.
   132 | D        | Found a sparkling altar of Nemelex Xobeh.
   136 | D        | Bought a +2 ring of slaying for 252 gold pieces
   138 | D        | Became a worshipper of Warmaster Okawaru
   157 | D        | Found a viscous altar of Jiyva.
   157 | D        | Found a corrupted altar of Lugonu.
   157 | D        | Noticed a slime creature
   158 | D        | Found a burning altar of Makhleb.
   158 | D        | Found a shimmering altar of Xom.
   162 | D        | Killed a slime creature
   162 | D        | Reached * piety under Okawaru
   162 | D        | Reached skill level 11 in Unarmed Combat
   162 | D        | Reached XP level 7. HP: 37/66 MP: 6/6
   214 | D        | Noticed a centaur warrior
   215 | D        | Noticed a centaur warrior
   223 | D        | Killed a centaur warrior
   223 | D        | Reached ** piety under Okawaru
   223 | D        | Reached skill level 5 in Fighting
   223 | D        | Reached skill level 5 in Dodging
   223 | D        | Reached skill level 5 in Invocations
   223 | D        | Reached XP level 8. HP: 76/80 MP: 6/10
   227 | D        | Killed a centaur warrior
   227 | D        | Reached *** piety under Okawaru
   242 | D        | Noticed a hornet
   249 | D        | Killed a hornet
   249 | D        | Reached XP level 9. HP: 39/93 MP: 7/12
   371 | D        | Noticed an oklob plant
   414 | D        | Noticed a deep troll
   420 | D        | Killed a deep troll
   495 | D        | Found Geutosel's Armour Emporium.
   502 | D        | Bought a +1 cloak for 161 gold pieces
   536 | D        | Noticed a kobold demonologist
   541 | D        | Killed a kobold demonologist
   542 | D        | Noticed a kobold demonologist
   546 | D        | Noticed a red devil
   546 | D        | Killed a kobold demonologist
   549 | D        | Noticed a demonic crawler
   549 | D        | Noticed a demonic crawler
   549 | D        | Noticed a demonic crawler
   549 | D        | Noticed a demonic crawler
   556 | D        | Killed a demonic crawler
   556 | D        | Received a gift from Okawaru
   557 | D        | Killed a demonic crawler
   567 | D        | Killed a demonic crawler
   567 | D        | Reached **** piety under Okawaru
   567 | D        | Slain by a demonic crawler

Levels and vault maps discovered:
D:        dungeon_sprint_1 [red_sonja_temple_1, red_sonja_temple_small_1]

Skill      XL: |  1  2  3  4  5  6  7  8  9 |
---------------+----------------------------+-----
Shields        | 4 5 7 8 9 |  9.6
Unarmed Combat | 4 6 9 11 | 11.1
Fighting       | 5 7 9 |  9.5
Dodging        | 5 7 9 |  9.4
Invocations    | 5 6 |  6.6
Throwing       | 4 |  4.7

Action                   |  1- 3 |  4- 6 |  7- 9 || total
-------------------------+-------+-------+-------++-------
Melee: Unarmed           |    10 |    19 |    37 ||    66
Invok: Heroism           |       |       |     3 ||     3
  Use: Potion            |     1 |       |     2 ||     3
  Eat: Chunk             |       |     3 |     7 ||    10
Armor: Robe              |     1 |     1 |    14 ||    16
Dodge: Dodged            |     1 |     3 |    30 ||    34
Block: Shield            |     2 |     6 |    36 ||    44

Table legend:
 A = Non-vault XP
 B = Vault XP
 C = Vault XP percentage of total XP
 D = Non-vault monster count
 E = Vault monster count
 F = Vault count percentage of total count
                 A         B        C        D         E       F
            +---------+---------+-------+---------+---------+-------
      Total |       0 |    5506 | 100.0 |       0 |      16 | 100.0
            +---------+---------+-------+---------+---------+-------
          D |       0 |    5506 | 100.0 |       0 |      16 | 100.0
            +---------+---------+-------+---------+---------+-------
